Workbook
Name CF: Hoja1!#REF!
Name CV: Hoja1!#REF!
Name ICB: Hoja1!#REF!
Name IDB: Hoja1!#REF!
Name IGan: Hoja1!#REF!
Name IIBB: Hoja1!#REF!
Name IP: Hoja1!#REF!
Name IVA: Hoja1!#REF!
Name IVACred: Hoja1!#REF!
Name OU: Hoja1!#REF!
Name P: Hoja1!#REF!
Name pv: Hoja1!#REF!
Name q: Hoja1!#REF!

Sheet Hoja1
A1: Precio y CUV | E1: Cadena
A2: © Miguel Ángel Martín
E3: Gravámenes
A4: Datos organizacionales | B4: Valores | C4: Incógnitas rersueltas | E4: Etapas | F4: Incidencia | G4: Carga acumulable
A5: Costos fijos empresariales | B5: 1000000 | C5: =Hoja2!I1-(B6*B18+B7/(1-B17)+B10*B15) -> 1000000 | E5: Penúltima | F5: =0.5 -> 0.5 | G5: =F5*($C$25-B$19) -> 0.06407145
A6: Patrimonio organizacional | B6: 3000000 | C6: =(Hoja2!I1-(B5+B7/(1-B17)+B15*B10))/B18 -> 3000000 | E6: Antepenúltima | F6: =F5*F5 -> 0.25 | G6: =F6*($C$25-B$19) -> 0.032035725
A7: Objetivo de utilidad | B7: 600000 | C7: =(Hoja2!I1-(B5+B6*B18+B10*B15))*(1-B17) -> 600000 | E7: Segunda | F7: =F6*F5 -> 0.125 | G7: =F7*($C$25-B$19) -> 0.016017862
A8: Costo variable por unidad | B8: 3000 | C8: =((C11/(1+B19*B16))*((1-B14)*(1-B15)))/(1+B15)-B22 -> 3000 | E8: Inicial | F8: =F7*F5 -> 0.0625 | G8: =F8*($C$25-B$19) -> 0.0080089312
A9: Cantidad de unidades | B9: 1000 | C9: =Hoja2!I1/(((C11/(1+B19*B16))*((1-B14)*(1-B16))/(1+B15))-B8) -> 1000 | F9: Acumulado etapas previas: | G9: =SUM(G5:G8) -> 0.12013397
A10: Suma de IVA créditos | B10: 300000
A11: Precio de venta unitario con gravámenes | C11: =(((B22+B8)*(1+B15))/((1-B14)*(1-B16)))*(1+B19*B15) -> 5087.1548 | D11: Sin IVA
A12: Precio sin gravámenes | C12: =B8+(B5+B7)/B9 -> 4600
A13: Alícuotas de los gravámenes:
A14: Impuesto a los ingresos brutos | B14: 0.0275
A15: Impuesto a los débitos bancarios | B15: 0.0006
A16: Impuesto a los créditos bancarios | B16: 0.0006
A17: Impuesto a las ganancias | B17: 0.33
A18: Impuesto al patromonio | B18: 0.015
A19: Impuesto al valor agregado | B19: 0.21
A21: Costos Fijos, Impuestos y Utilidad | B21: =B5+B6*B18+B7/(1-B17)+B10*B15 -> 1940702.4
A22: CFIU por unidad | B22: =B21/B9 -> 1940.7024
A24: Precio al consumidor final con impuestos | C24: =C11*(1+B19) -> 6155.4573
A25: Carga tributos proporcional últomo componente | C25: =C24/C12-1 -> 0.3381429
A26: Carga demás componentes: | C26: =G9 -> 0.12013397
A27: Carga de la cadena: | C27: =C25+C26 -> 0.45827687

Sheet Hoja2
I1: =((((Hoja1!C11/(1+Hoja1!B19*Hoja1!B16))*((1-Hoja1!B14)*(1-Hoja1!B16)))/(1+Hoja1!B15))-Hoja1!B8)*Hoja1!B9 -> 1940702.4
I2: =(Hoja1!C11/(1+Hoja1!B19*Hoja1!B16))*((1-Hoja1!B14)*(1-Hoja1!B16)) -> 4943.6668

Sheet Hoja3
